 Dungeon Crawl Stone Soup version 0.30.1-9-gdf580d7c3d (webtiles) character file.

Game seed: 908569927397509149

26204 monsoonserge the Thaumaturge (level 13, -14/80 HPs)
             Began as a Djinni Fire Elementalist on Oct 7, 2023.
             Was an Elder of Elyvilon.
             Demolished by an orc warlord
             ... wielding a +2 great mace
              (34 damage)
             ... on level 11 of the Dungeon.
             The game lasted 01:25:24 (13587 turns).

monsoonserge the Thaumaturge (DjFE)                Turns: 13587, Time: 01:25:25

Health: -14/80     AC:  8    Str:  5    XL:     13   Next: 56%
Gold:   760        EV: 10    Int: 19    God:    Elyvilon [****..] SH: 16 Dex: 23

rFire   + + +        T - staff of fire "Rubla" {rF+ Will+}
rCold   x x .        g - +0 kite shield
rNeg    . . .        H - +0 troll leather armour
rPois   ∞            L - +2 hat
rElec   .            (no cloak)
rCorr   .            o - +0 pair of gloves
SInv    +            (boots unavailable)
Will    ++...        E - amulet of reflection
Stlth   ++           t - ring of fire
HPRegen 1.13/turn    c - ring of see invisible
MPRegen 0.00/turn

%: reflection, infuse magic (-15 HP)
@: flying
A: sickness immunity, fire resistance 2, cold vulnerability 1, float, innate
caster, HP casting, extra vitality 1, agile 2
a: Renounce Religion, Purification, Heal Other, Heal Self


You were on level 11 of the Dungeon.
You worshipped Elyvilon.
Elyvilon was greatly pleased with you.
You visited 4 branches of the dungeon, and saw 15 of its levels.
You also visited: Bailey and Gauntlet.

You collected 864 gold pieces.
You spent 104 gold pieces at shops.

Inventory:

Hand Weapons
 b - a +4 halberd of electrocution
 Q - a +2 dire flail of protection
Missiles
 d - 46 poisoned darts (quivered)
 n - 9 boomerangs
 u - 3 curare-tipped darts
 R - 7 silver javelins
 W - 3 atropa-tipped darts
Armour
 g - a +0 kite shield (worn)
 l - a +1 scale mail of willpower
 o - a +0 pair of gloves (worn)
 A - a +0 leather armour of cold resistance
 H - a +0 troll leather armour (worn)
 L - a +2 hat (worn)
 M - a +3 ring mail
 N - the +0 hat "Bitwa" {rPois Regen+ Str-3}
   (You found it in a Gauntlet)

   Str:       It affects your strength (-3).
   rPois:     It protects you from poison.
   Regen:     It increases your rate of health regeneration.
 U - the +0 ring mail of Hochunof {rCorr Str+3}
   (You found it in a Gauntlet)

   Str:       It affects your strength (+3).
   rCorr:     It protects you from acid and corrosion.
Magical Staves
 K - a staff of air
 T - the staff of fire "Rubla" (weapon) {rF+ Will+}
   (You found it in a Gauntlet)

   [staff of fire]

   Your inability to study Fire Magic prevents you from drawing on the full
   power of this staff in melee.
   Base accuracy: +5 Base damage: 5 Base attack delay: 1.2 This weapon's minimum
   attack delay (0.6) is reached at skill level 12.
   rF:        It protects you from fire.
   Will:      It increases your willpower.
   It falls into the 'Staves' category.
   It is a one-handed weapon.
Jewellery
 c - a ring of see invisible (right hand)
 t - a ring of fire (left hand)
 E - an amulet of reflection (around neck)
 J - a ring of fire
 P - the ring of Bicass {rElec MP+9 Str+8 Int-5}
   (You took it off a minotaur in a Gauntlet)

   [ring of magical power]

   Str:       It affects your strength (+8).
   Int:       It affects your intelligence (-5).
   rElec:     It insulates you from electricity.
   MP:        It affects your magic capacity (+9).
Wands
 a - a wand of charming (5)
 F - a wand of flame (18)
 S - a wand of mindburst (10)
Scrolls
 e - 6 scrolls of silence
 h - 3 scrolls of vulnerability
 i - 10 scrolls of teleportation
 k - 3 scrolls of enchant weapon
 r - a scroll of magic mapping
 s - 3 scrolls of brand weapon
 x - a scroll of blinking
 y - 2 scrolls of summoning
 C - 3 scrolls of torment
Potions
 f - 3 potions of cancellation
 j - 10 potions of curing
 m - 5 potions of haste
 p - 2 potions of ambrosia
 q - 2 potions of invisibility
 v - 4 potions of mutation
 w - a potion of lignification
 z - 6 potions of brilliance
 B - 4 potions of heal wounds
 D - 6 potions of might {unknown}
 G - a potion of resistance
 I - a potion of berserk rage
Miscellaneous
 O - a phantom mirror
 V - a piece from Xom's chessboard (15/15)


   Skills:
 * Level 2.4 Fighting
 + Level 5.4 Armour
 + Level 3.5 Dodging
 - Level 2.0 Stealth
 * Level 4.8 Shields
 + Level 14.7 Spellcasting
 * Level 6.9 Invocations
 * Level 2.7 Evocations


You knew the following spells:

 Your Spells              Type           Power      Damage    Failure   Level
a - Foxfire               Conj/Fire      100%       2x1d9     1%          1
b - Scorch                Fire           100%       2d9       1%          2
c - Volatile Blastmotes   Fire/Tloc      100%       2d18      1%          3
d - Inner Flame           Hex/Fire       100%       N/A       1%          3
e - Flame Wave            Conj/Fire      100%       2d21      1%          4
f - Apportation           Tloc           100%       N/A       1%          1
g - Lesser Beckoning      Tloc           100%       N/A       1%          2
h - Frozen Ramparts       Ice            100%       1d16      1%          3
i - Stone Arrow           Conj/Erth      100%       3d13      1%          3
j - Lee's Rapid Deconstr  Erth           31%        3d16*     3%          5
k - Summon Mana Viper     Hex/Summ       63%        N/A       3%          5
Your spell library was empty.

Dungeon Overview and Level Annotations

Branches:
Dungeon (12/15)            Temple (1/1) D:6            Lair (1/5) D:11
    Orc (1/2) D:11         Bailey (visited)         Gauntlet (visited)

Altars:
Ashenzari
Cheibriados
Dithmenos
Elyvilon
Fedhas
Gozag
Hepliaklqana
Makhleb
Nemelex Xobeh
Okawaru
Qazlal
Ru
Trog
Uskayaw
Wu Jian
Xom
Yredelemnul
Zin
The Shining One
Lugonu

Shops:
D:3 (   D:5 !*[   D:11 *

Annotations:
D:5 exclusion: statue
Lair:1 Fannar


Innate Abilities, Weirdness & Mutations

You are immune to sickness and miasma.
You are immune to poison.
Your flesh is very heat resistant. (rF++)
You are vulnerable to cold. (rC-)
You float through the air rather than walking.
You learn spells naturally, not from books.
Your magical power is your life essence.
You have superior vitality. (+4 MHP)
You are very agile. (Dex +8, Str/Int -2)


Message History

Casting: Scorch (safe; 1% risk of failure)
Confirm with . or Enter, or press ? or * to list all spells.
Casting: Flame Wave (mildly dangerous; 1% risk of failure)
Press: ? - help, Dir - look around, f - activate You feel a strong surge of power!
A wave of flame ripples out!
The flame wave engulfs the ogre!!
You kill the ogre!
The flame wave engulfs the orc warlord!!
The orc warlord is lightly wounded. (Press . to intensify the flame waves.)
You block the orc warlord's attack.
A wave of flame ripples out!
The flame wave engulfs the orc warlord.
The orc warlord is moderately wounded.
The orc warlord hits you with a +2 great mace!
A wave of flame ripples out!
The flame wave engulfs the orc warlord.
The orc warlord is moderately wounded.
You finish channelling waves of flame.
The orc warlord barely misses you.
Casting: Flame Wave (mildly dangerous; 1% risk of failure)
Confirm with . or Enter, or press ? or * to list all spells.
You feel a strong surge of power!
Flames lash the orc warlord.
The orc warlord is moderately wounded.
The orc warlord's fire resistance burns away.
The orc warlord hits you with a +2 great mace!!
Casting: Scorch (safe; 1% risk of failure)
Confirm with . or Enter, or press ? or * to list all spells.
Casting: Flame Wave (mildly dangerous; 1% risk of failure)
Press: ? - help, Dir - look around, f - activate You feel a strong surge of power!
A wave of flame ripples out!
The flame wave engulfs the orc warlord!
The orc warlord is burned terribly!
The orc warlord is heavily wounded. (Press . to intensify the flame waves.)
The orc warlord hits you with a +2 great mace!
* * * LOW HITPOINT WARNING * * *
A wave of flame ripples out!
The flame wave engulfs the orc warlord!!
The orc warlord is burned terribly!
The orc warlord is severely wounded.
* * * LOW HITPOINT WARNING * * *
The orc warlord hits you with a +2 great mace!!
You die...

#
#.........##......####.#.#
#
##.####...###......####.#.#
###..######.#
#......##...#.#
..........#.#
#......##.###.#
#..######.#.# #......##.#
#.# #'### #.#.###......##.#
#.# ...)#
#.#..........<#.###.# ....#
#.#####)o.........#.# ....#
#.# #.@)....#.#.#.# ....#
#.# #######.#.#.#.# ..###
#.# #.#.#.#.# .##
#.###########.#...#.#
.######
#.............#####.#
#.....# #.............# #.#
#.....# #.............# #.#
#.....#
#.............#####.#
#.....#
#.......∩.........#.#


You could see an orc warlord (combustible).

Vanquished Creatures
  Gastronok (D:10)
  An orc warlord (Orc:1)
  A minotaur (Gauntlet)
  A centaur warrior (D:9)
  4 boulder beetles
  A sixfirhy (Gauntlet)
  2 cyclopes
  Joseph (D:10)
  4 cane toads
  2 gargoyles
  A komodo dragon (Lair:1)
  A minotaur zombie (Gauntlet)
  5 trolls
  Prince Ribbit (D:8)
  6 slime creatures
  Sigmund (D:3)
  A wyvern (D:9)
  13 flying skulls (Gauntlet)
  2 shadows
  20 yaks
  A basilisk (D:12)
  Grum (D:8)
  2 steam dragons
  3 vampire mosquitoes (D:11)
  Menkaure (D:7)
  2 swamp worms (Gauntlet)
  3 wargs
  A water moccasin (D:6)
  7 orc warriors
  2 ice beasts (D:7)
  3 sky beasts
  5 black bears
  3 ogres
  4 wolves (D:8)
  6 centaurs
  2 phantoms
  10 bullfrogs
  2 gnoll sergeants
  4 kobold brigands
  2 scorpions (D:6)
  11 wights
  13 killer bees
  3 howler monkeys
  2 hounds (D:5)
  4 jellies
  A gnoll bouda (D:8)
  11 orc priests
  An iron imp (D:9)
  A sleepcap (D:7)
  8 orc wizards
  Terence (D:3)
  Robin (D:4)
  17 gnolls
  11 adders
  2 shadow imps (D:7)
  4 white imps
  2 ufetubi (Gauntlet)
  4 dart slugs
  64 orcs
  7 endoplasms
  6 giant cockroaches
  12 hobgoblins
  4 jackals (D:1)
  30 kobolds
  2 quokkas
  7 ball pythons
  3 bats
  4 frilled lizards
  21 goblins
  9 rats
399 creatures vanquished.

Vanquished Creatures (others)
  An orc priest (Orc:1)
  663 foxfires
664 creatures vanquished.

Grand Total: 1063 creatures vanquished

Notes
Turn   | Place    | Note
-------+----------+-------------------------------------------
     0 | D:1      | monsoonserge the Djinni Fire Elementalist began the quest
                  | for the Orb.
     0 | D:1      | monsoonserge set off with the following spells memorised:
                  | Foxfire, Scorch, Volatile Blastmotes, Inner Flame, Flame
                  | Wave.
     0 | D:1      | Reached XP level 1. HP: 15/15 MP: 0/0
    27 | D:1      | Found a faded altar of an unknown god.
   224 | D:1      | Reached XP level 2. HP: 19/21 MP: 0/0
   385 | D:1      | Reached skill level 3 in Spellcasting
   385 | D:1      | Reached XP level 3. HP: 23/25 MP: 0/0
   385 | D:1      | Learned a level 1 spell: Apportation
  1103 | D:2      | Reached XP level 4. HP: 28/31 MP: 0/0
  1334 | D:2      | Reached skill level 1 in Armour
  1800 | D:3      | Noticed Sigmund
  1854 | D:3      | Reached XP level 5. HP: 28/35 MP: 0/0
  1854 | D:3      | Learned a level 2 spell: Lesser Beckoning
  1856 | D:3      | Killed Sigmund
  1857 | D:3      | Reached skill level 4 in Spellcasting
  1857 | D:3      | Reached XP level 6. HP: 27/40 MP: 0/0
  1866 | D:3      | Found a white marble altar of Elyvilon.
  1873 | D:3      | Became a worshipper of Elyvilon the Healer
  1981 | D:3      | Noticed an ogre
  1987 | D:3      | Killed an ogre
  1988 | D:3      | Reached skill level 5 in Spellcasting
  1988 | D:3      | Reached XP level 7. HP: 36/45 MP: 0/0
  1988 | D:3      | Learned a level 3 spell: Frozen Ramparts
  2047 | D:3      | Found Qiat's Weapon Emporium.
  2289 | D:3      | Noticed Terence
  2296 | D:3      | Killed Terence
  2498 | D:4      | Found a hide-covered altar of Uskayaw.
  2667 | D:4      | Reached * piety under Elyvilon
  2747 | D:4      | Noticed Robin
  2801 | D:4      | Killed Robin
  3393 | D:5      | Entered Level 5 of the Dungeon
  3410 | D:5      | Reached skill level 6 in Spellcasting
  3513 | D:5      | Reached ** piety under Elyvilon
  3645 | D:5      | Found a sparkling altar of Nemelex Xobeh.
  3673 | D:5      | Found Kelanyut's General Store.
  3673 | D:5      | Found Xawaefym's Distillery.
  3678 | D:5      | Reached XP level 8. HP: 43/50 MP: 0/0
  3684 | D:5      | Found Xutaun's Antique Armour Shoppe.
  3684 | D:5      | Found Bumam's General Store.
  3716 | D:5      | Bought a potion of curing for 36 gold pieces
  3716 | D:5      | Bought a potion of degeneration for 12 gold pieces
  3728 | D:5      | Bought a potion of brilliance for 56 gold pieces
  3774 | D:5      | Found a blossoming altar of Fedhas.
  3825 | D:5      | Found a bloodstained altar of Trog.
  3833 | D:5      | Reached skill level 1 in Invocations
  4218 | D:6      | Reached skill level 7 in Spellcasting
  4263 | D:6      | Reached *** piety under Elyvilon
  4269 | D:6      | Found a burning altar of Makhleb.
  4581 | D:6      | Found a staircase to the Ecumenical Temple.
  4588 | Temple   | Entered the Ecumenical Temple
  4643 | D:6      | Found a shimmering altar of Xom.
  4646 | D:6      | Found a shimmering altar of Xom.
  4650 | D:6      | Found a shimmering altar of Xom.
  4650 | D:6      | Found a shimmering altar of Xom.
  4682 | D:6      | Reached XP level 9. HP: 51/55 MP: 0/0
  4682 | D:6      | Learned a level 3 spell: Stone Arrow
  4815 | D:6      | Reached skill level 8 in Spellcasting
  5565 | D:7      | Noticed a gargoyle
  5646 | D:7      | Reached skill level 9 in Spellcasting
  5700 | D:7      | Found a broken altar of Ashenzari.
  5710 | D:7      | Noticed Menkaure
  5715 | D:7      | Killed Menkaure
  5716 | D:7      | Reached skill level 1 in Fighting
  5716 | D:7      | Reached XP level 10. HP: 54/62 MP: 0/0
  5834 | D:7      | Noticed a boulder beetle
  5862 | D:7      | HP: 1/62 [boulder beetle (22)]
  5863 | D:7      | Gained mutation: You have a beak for a mouth. [potion of
                  | mutation]
  5863 | D:7      | Lost mutation: You have a beak for a mouth. [potion of
                  | mutation]
  5863 | D:7      | Gained mutation: You are agile. (Dex +4, Str/Int -1)
                  | [potion of mutation]
  5863 | D:7      | Gained mutation: You are very agile. (Dex +8, Str/Int -2)
                  | [potion of mutation]
  5865 | D:7      | Elyvilon protects you from harm!
  5869 | D:7      | Elyvilon protects you from harm!
  5870 | D:7      | Killed a boulder beetle
  5871 | D:7      | Reached skill level 10 in Spellcasting
  6104 | D:7      | Killed a gargoyle
  6936 | D:8      | Noticed Prince Ribbit
  6942 | D:8      | Killed Prince Ribbit
  6963 | D:8      | Noticed Grum
  6967 | D:8      | Reached skill level 11 in Spellcasting
  6967 | D:8      | Reached XP level 11. HP: 30/67 MP: 0/0
  6967 | D:8      | Learned a level 5 spell: Lee's Rapid Deconstruction
  6969 | D:8      | Killed Grum
  7341 | D:8      | Found a basalt altar of Yredelemnul.
  7744 | D:8      | Found a sacrificial altar of Ru.
  8022 | D:8      | Found a shadowy altar of Dithmenos.
  8249 | D:9      | Found an opulent altar of Gozag.
  8359 | D:9      | Found a flagged portal.
  8374 | Bailey   | Entered a bailey
  8717 | Bailey   | Reached skill level 12 in Spellcasting
  9076 | D:9      | Found a snail-covered altar of Cheibriados.
  9121 | D:9      | Reached **** piety under Elyvilon
  9199 | D:9      | Noticed a centaur warrior
  9211 | D:9      | Killed a centaur warrior
  9399 | D:9      | Noticed a boulder beetle
  9413 | D:9      | Noticed a tengu warrior
  9445 | D:10     | Entered Level 10 of the Dungeon
  9508 | D:10     | Noticed Joseph
  9558 | D:10     | Killed Joseph
  9708 | D:10     | Reached skill level 1 in Shields
  9851 | D:10     | Noticed Gastronok
  9862 | D:9      | Pacified a boulder beetle
 10631 | D:10     | Killed Gastronok
 10632 | D:10     | Reached skill level 13 in Spellcasting
 10632 | D:10     | Reached skill level 5 in Invocations
 10632 | D:10     | Reached XP level 12. HP: 36/73 MP: 0/0
 10679 | D:10     | Found an iron altar of Okawaru.
 10756 | D:10     | Reached skill level 5 in Armour
 11087 | D:11     | Found Rohokliga's Assorted Antiques.
 11191 | D:11     | Noticed a boulder beetle
 11191 | D:11     | Found a staircase to the Orcish Mines.
 11192 | D:11     | Noticed a boulder beetle
 11200 | D:10     | Killed a boulder beetle
 11223 | D:10     | Killed a boulder beetle
 11303 | D:11     | Found a gate leading to a gauntlet.
 11311 | Gauntlet | Entered a Gauntlet
 11311 | Gauntlet | Found a transporter.
 11311 | Gauntlet | Found a transporter.
 11311 | Gauntlet | Found a transporter.
 11312 | Gauntlet | Found a transporter.
 11313 | Gauntlet | Noticed a soul eater
 11345 | Gauntlet | Noticed a sixfirhy
 11346 | Gauntlet | Found a transporter.
 11349 | Gauntlet | Found a transporter.
 11387 | Gauntlet | Found a transporter.
 11396 | Gauntlet | Found a transporter.
 11397 | Gauntlet | Noticed a green death
 11399 | Gauntlet | Found a transporter.
 11402 | Gauntlet | Found a transporter.
 11404 | Gauntlet | Noticed a death scarab
 11410 | Gauntlet | Found a transporter.
 11413 | Gauntlet | Found a transporter.
 11653 | Gauntlet | Killed a sixfirhy
 11792 | Gauntlet | Reached skill level 14 in Spellcasting
 11823 | Gauntlet | Identified the +0 hat "Bitwa" {rPois Regen+ Str-3}
 11871 | Gauntlet | Identified the ring of Bicass {rElec MP+9 Str+8 Int-5}
 11871 | Gauntlet | Noticed a minotaur
 11882 | Gauntlet | HP: 3/73 [minotaur/+2 dire flail of protection (13)]
 11883 | Gauntlet | Killed a minotaur
 11884 | Gauntlet | Reached XP level 13. HP: 3/77 MP: 0/0
 11884 | Gauntlet | Learned a level 5 spell: Summon Mana Viper
 11957 | Gauntlet | Identified the +0 ring mail of Hochunof {rCorr Str+3}
 11957 | Gauntlet | Identified the staff of fire "Rubla" {rF+ Will+}
 12100 | D:11     | Found a staircase to the Lair.
 12112 | D:11     | Identified the +7 war axe "Dragonslayer" {drain, rElec
                  | Dex+3}
 12430 | D:12     | Reached skill level 1 in Evocations
 12605 | Orc:1    | Entered Level 1 of the Orcish Mines
 12678 | Orc:1    | Noticed an orc warlord
 12898 | Lair:1   | Entered Level 1 of the Lair of Beasts
 12940 | Lair:1   | Noticed Fannar
 13445 | Orc:1    | Killed an orc warlord
 13486 | Orc:1    | Noticed an orc warlord
 13587 | D:11     | Demolished by an orc warlord

Illustrated notes

Levels and vault maps discovered:
D:1:      tarquinn_simple_flora_water_b, layout_loops_ring,
          shapermc_ecumenical_altar_starsandcircs
D:2:      layout_basic, minmay_split_cup_large
D:3:      layout_rooms, elyvilon_altar_5, serial_shops, shop,
          minmay_diced_spiral, uniq_terence, uniq_sigmund
D:4:      layout_basic, mainiacjoe_overflow_six_doors_small,
          general_overflow_altar, minmay_misc_feat_chi, uniq_robin
D:5:      layout_basic, nicolae_overflow_crystal_walls,
          nemelex_diamond_rough_becter, trog_ov_bears_minmay, vehumet_statue,
          minmay_misc_feat_hallway, minivault_19,
          nicolae_shop_national_dungeon_mall, minmay_tree_intersection
D:6:      layout_basic, mainiacjoe_overflow_24_doors, xom_redecorated,
          minmay_temple_entry_proselytizer, minmay_fractal_squares_diagonal_5
D:7:      nzn_winding_woodlands_three_and_one
          [nzn_winding_woodlands_5x15_sidewinder,
          nzn_winding_woodlands_5x15_concentric,
          nzn_winding_woodlands_5x15_zeroes,
          nzn_winding_woodlands_center_garden], layout_rooms, ashenzari_altar_1,
          nicolae_figureground_sparkle, uniq_menkaure
D:8:      layout_loops_ring, mainiacjoe_overflow_alcove_1, lemuel_tele_altar,
          lemuel_crystal_altar, grunt_decor_fettered, uniq_prince_ribbit1,
          uniq_grum
D:9:      layout_gridville, slow_altar_1, grunt_gozag_statues, enter_bailey_5,
          dk_vineyard_2, kb_rosetta
D:10:     layout_basic, kennysheep_little_box, uniq_joseph, uniq_gastronok
D:11:     layout_basic, lair_entry_dummy, orc_0_dummy, serial_shops, shop,
          gauntlet_entry_generic, kennysheep_decorative_pillar
D:12:     layout_cave_pools
Temple:   corrupted_temple
Lair:1:   layout_regular_city, beast_lair_carwin_8, grunt_megastairs_1,
          uniq_fannar
Orc:1:    layout_caves, basic_altar, nicolae_orc_rockfall, mines2_lemuel

Skill      XL: |  1  2  3  4  5  6  7  8  9 10 11 12 13 |
---------------+----------------------------------------+-----
Spellcasting   | 3 4 5 6 7 9 11 13 14 | 14.7
Armour         | 1 2 3 4 5 |  5.4
Stealth        | 2 |  2.0
Invocations    | 2 3 4 5 6 |  6.9
Fighting       | 1 2 |  2.4
Dodging        | 3 |  3.5
Shields        | 1 3 4 |  4.8
Evocations     | 2 |  2.7

Action                     |  1- 3 |  4- 6 |  7- 9 | 10-12 | 13-15 || total
---------------------------+-------+-------+-------+-------+-------++-------
  Melee: Unarmed           |     1 |       |       |       |       ||     1
         Short sword       |     1 |       |     2 |       |       ||     3
         Staff             |       |       |       |       |     1 ||     1
  Throw: Dart              |       |       |       |     2 |       ||     2
   Cast: Foxfire           |    49 |    34 |    83 |   127 |    93 ||   386
         Scorch            |    12 |    14 |    65 |   121 |    30 ||   242
         Volatile Blastmot |       |       |    28 |   126 |     1 ||   155
         Frozen Ramparts   |       |       |     4 |     6 |     1 ||    11
         Flame Wave        |       |       |     1 |    26 |    20 ||    47
         Lee's Rapid Decon |       |       |       |    16 |     1 ||    17
         Stone Arrow       |       |       |       |     2 |       ||     2
         Summon Mana Viper |       |       |       |       |     2 ||     2
 Invoke: Heal Self         |       |       |       |    17 |       ||    17
         Heal Other        |       |       |       |     1 |       ||     1
    Use: Scroll            |       |       |    10 |     8 |     1 ||    19
         Potion            |       |       |       |     3 |       ||     3
   Stab: Sleeping          |       |       |     1 |       |     1 ||     2
 Armour: Leather armour    |     6 |       |     8 |     4 |       ||    18
         Troll leather arm |       |       |       |    12 |     9 ||    21
  Dodge: Dodged            |     9 |       |    21 |    44 |    16 ||    90
  Block: Other             |       |       |       |    10 |       ||    10
         Kite shield       |       |       |       |    44 |    59 ||   103
         Reflection        |       |       |       |     8 |    24 ||    32
